 Dungeon Crawl Stone Soup version 0.30.1-3-gfc49f6343a (webtiles) character file.

Game seed: 6526675806196021672

142 CaptainMV the Slasher (level 5, -2/37 HPs)
             Began as a Demonspawn Wanderer on Aug 7, 2023.
             Slain by an orc priest
             ... wielding a +0 trident
              (5 damage)
             ... on level 5 of the Dungeon.
             The game lasted 00:12:05 (1373 turns).

CaptainMV the Slasher (Demonspawn Wanderer)         Turns: 1373, Time: 00:12:05

Health: -2/37      AC:  9    Str: 14    XL:     5   Next: 3%
Magic:  5/5        EV: 11    Int: 17    God:
Gold:   95         SH:  4    Dex: 15    Spells: 4/4 levels left

rFire   + . .        a - +0 falchion
rCold   . . .        b - +0 buckler {AC+3}
rNeg    . . .        e - +0 leather armour
rPois   .            (no helmet)
rElec   .            (no cloak)
rCorr   .            (no gloves)
SInv    .            (no boots)
Will    .....        (no amulet)
Stlth   +            h - +6 ring of intelligence
HPRegen 0.26/turn    j - ring of protection from fire
MPRegen 0.09/turn

%: no passive effects
@: about to teleport
A: thin metallic scales 2, powered by pain 1
a: no special abilities


You were on level 5 of the Dungeon.
You visited 1 branch of the dungeon, and saw 4 of its levels.

You collected 95 gold pieces.

Inventory:

Hand Weapons
 a - a +0 falchion (weapon)
Missiles
 l - 3 poisoned darts (quivered)
Armour
 b - a +0 buckler of protection (worn)
 e - a +0 leather armour (worn)
Jewellery
 h - a +6 ring of intelligence (left hand)
 j - a ring of protection from fire (right hand)
Wands
 c - a wand of polymorph (6)
Scrolls
 i - 2 scrolls of magic mapping
 m - a scroll of fear {unknown}
Potions
 f - a potion of flight
 g - 2 potions of curing
 k - 2 potions of attraction


   Skills:
 + Level 1.3 Fighting
 + Level 4.3 Long Blades
 + Level 1.0 Throwing
 + Level 0.6 Armour
 + Level 1.9 Dodging
 + Level 2.2 Shields
 + Level 2.2 Evocations


You had 4 spell levels left.
You didn't know any spells.
Your spell library contained the following spells:

 Spells                   Type           Power      Damage    Failure   Level
 Blink                    Tloc           0%         N/A       52%         2
 Ensorcelled Hibernation  Hex/Ice        0%         N/A       52%         2
 Passwall                 Tmut/Erth      0%         N/A       52%         2
 Call Canine Familiar     Summ           0%         N/A       77%         3
 Portal Projectile        Hex/Tloc       0%         N/A       77%         3
 Swiftness                Air            0%         N/A       77%         3
 Volatile Blastmotes      Fire/Tloc      0%         2d10      77%         3
 Iskenderun's Mystic Bla  Conj/Tloc      0%         2d3       99%         4
 Leda's Liquefaction      Hex/Erth       0%         N/A       99%         4


Dungeon Overview and Level Annotations

Branches:
Dungeon (3/15)

Altars:
Vehumet


Innate Abilities, Weirdness & Mutations

You are mostly covered in thin metallic scales. (AC +3)
You sometimes gain a little power by taking damage.


Message History

The iguana barely misses you.
You hit the iguana.
The iguana is almost dead.
The iguana barely misses you.
You hit the iguana.
You kill the iguana!
You have reached level 5!
Things that are here:
an iguana corpse; an adder corpse An iguana comes into view.
An orc priest comes into view. It is wielding a +0 trident.
The orc priest shouts!
You hear a shout!
An orc comes into view. It is wielding a +0 morningstar.
An orc comes into view. It is wielding a +0 mace.
The orc shouts!
You hear a shout!
The iguana closely misses you.
The orc shouts!
You hit the iguana but do no damage. The iguana barely misses you.
You barely miss the iguana.
An orc comes into view. It is wielding a +0 club.
The iguana bites you!
* * * LOW HITPOINT WARNING * * *
A sleepcap comes into view.
As you read the scroll of teleportation, it crumbles to dust.
You feel strangely unstable.
The iguana bites you but does no damage.
The orc priest barely misses you.
You slash the iguana!
The iguana is heavily wounded.
The iguana misses you.
The orc priest casts a cantrip, but nothing happens.
You closely miss the iguana.
The iguana is heavily wounded.
The iguana bites you.
* * * LOW HITPOINT WARNING * * *
The sleepcap releases spores at you.
* * * LOW HITPOINT WARNING * * *
The orc priest misses you. You block the iguana's attack.
The orc priest hits you from afar with a +0 trident.
You die...

#.#......... .
#.#....# #.#
..########......###.#
.........##....##)#
...#.##...###.#....†#
...o.o..o..##.......#
..####o#.#####.....#
........l.# #.....#
.#......#@# ###.#.#
#######.f# #.#...
....# ##.##### ###...
#...).# .... #####.#
##.... #.# .....
#.##### ......
#[..... #######


You could see a sleepcap, an iguana, an orc priest and 2 orcs.

Vanquished Creatures
  A hound (D:5)
  An iguana (D:5)
  4 adders
  3 worms
  2 dart slugs
  An orc (D:5)
  4 bats
  2 endoplasms (D:2)
  3 giant cockroaches (D:2)
  A goblin (D:2)
  2 hobgoblins (D:1)
  4 jackals (D:2)
  A quokka (D:1)
  3 ball pythons
  2 frilled lizards
  3 kobolds
  4 rats
41 creatures vanquished.

Notes
Turn   | Place    | Note
-------+----------+-------------------------------------------
     0 | D:1      | CaptainMV the Demonspawn Wanderer began the quest for the
                  | Orb.
     0 | D:1      | CaptainMV set off with the following items: a +0 falchion,
                  | a +0 buckler of protection, a wand of polymorph (6), a
                  | scroll of teleportation, a +0 leather armour.
     0 | D:1      | Reached XP level 1. HP: 15/15 MP: 1/1
   121 | D:1      | Got Sif Muna's Folio of the Wayfarer
   344 | D:1      | Found a faded altar of an unknown god.
   357 | D:1      | Prayed at the altar of an unknown god.
   357 | D:1      | Became a worshipper of Vehumet
   357 | D:1      | Reached * piety under Vehumet
   357 | D:1      | Offered knowledge of Foxfire by Vehumet.
   398 | D:1      | Gained mutation: You are partially covered in thin metallic
                  | scales. (AC +2) [demonic ancestry]
   398 | D:1      | Reached XP level 2. HP: 21/21 MP: 2/2
   609 | D:1      | Fell from the grace of Vehumet
   703 | D:2      | Reached skill level 3 in Long Blades
   730 | D:2      | Gained mutation: You are mostly covered in thin metallic
                  | scales. (AC +3) [demonic ancestry]
   730 | D:2      | Reached XP level 3. HP: 26/26 MP: 3/3
   870 | D:2      | Gained mutation: You sometimes gain a little power by
                  | taking damage. [demonic ancestry]
   870 | D:2      | Reached XP level 4. HP: 32/32 MP: 4/4
  1280 | D:3      | You fall into a shaft and drop 2 floors!
  1280 | D:5      | Entered Level 5 of the Dungeon
  1309 | D:5      | Reached skill level 4 in Long Blades
  1354 | D:5      | Reached XP level 5. HP: 12/37 MP: 5/5
  1373 | D:5      | Slain by an orc priest

Illustrated notes

Levels and vault maps discovered:
D:1:      dpeg_arrival_castle, layout_loops_ring, ebering_ecumenical_altar_ruins
D:2:      kennysheep_big_flooded_room, layout_rooms, grunt_ministairs_15,
          corexii_item_surrounded_by_moat
D:3:      layout_basic, minmay_overflow_temple_hex, uniq_ijyb, uniq_robin
D:5:      layout_basic, kiku_gazebo_pond_becter, kennysheep_windowed_goal

Skill      XL: |  1  2  3  4 |
---------------+-------------+-----
Shields        | 2 |  2.2
Long Blades    | 3 4 |  4.3
Fighting       | |  1.3
Throwing       | |  1.0
Armour         | |  0.6
Dodging        | |  1.9
Evocations     | |  2.2

Action                     |  1- 3 |  4- 6 || total
---------------------------+-------+-------++-------
  Melee: Falchion          |   130 |    86 ||   216
 Invoke: Renounce Religion |     1 |       ||     1
    Use: Scroll            |     5 |     3 ||     8
 Armour: Leather armour    |    76 |    45 ||   121
  Dodge: Dodged            |   100 |    63 ||   163
  Block: Buckler           |    43 |    23 ||    66
